 Dungeon Crawl Stone Soup version 0.29.0-4-gdea44cf6ec (webtiles) character file.

Game seed: 13145190536519767052

11 qw the Sneak (level 2, -3/19 HPs)
             Began as a Gargoyle Delver on Sept 10, 2022.
             Slain by a gnoll
             ... wielding a +0 spear
              (4 damage)
             ... on level 3 of the Dungeon.
             The game lasted 00:00:05 (169 turns).

qw the Sneak (Gargoyle Delver)                       Turns: 169, Time: 00:00:05

Health: -3/19      AC:  5    Str: 15    XL:     2   Next: 29%
Magic:  2/2        EV: 11    Int: 10    God:
Gold:   18         SH:  0    Dex: 11    Spells: 1/1 levels left

rFire   . . .      SeeInvis .   a - +0 hand axe
rCold   . . .      Faith    .   (no shield)
rNeg    + . .      Spirit   .   b - +0 leather armour
rPois   inf        Reflect  .   (no helmet)
rElec   +          Harm     .   (no cloak)
rCorr   .          Rampage  .   (no gloves)
Will    .....                   (no boots)
Stlth   +++.......              (no amulet)
HPRegen 0.06/turn               (no ring)
MPRegen 0.08/turn               (no ring)

@: no status effects
A: sickness immunity, AC +2, negative energy resistance 1, electricity
resistance, torment resistance 1, petrification resistance
a: no special abilities


You were on level 3 of the Dungeon.
You visited 1 branch of the dungeon, and saw 3 of its levels.

You collected 18 gold pieces.


Innate Abilities, Weirdness & Mutations

You are immune to sickness and miasma.
Your stone body is resilient. (AC +2)
You are immune to poison.
You resist negative energy. (rN+)
You are resistant to electric shocks. (rElec)
You are resistant to unholy torment.
You are immune to petrification.


   Skills:
 - Level 3.2 Fighting
 + Level 2.6 Axes
 - Level 1.5 Dodging
 - Level 5.4 Stealth


You had one spell level left.
You didn't know any spells.
Your spell library was empty.

Inventory:

Hand Weapons
 a - a +0 hand axe (weapon)
 c - a +0 club
Armour
 b - a +0 leather armour (worn)
Wands
 g - a wand of digging (3)
Potions
 f - a potion of haste

Dungeon Overview and Level Annotations

Branches:
Dungeon (5/15)
 Temple: D:4-7

Altars:


Message History

Assign waypoint to what number? (0-9, D - delete waypoint) Waypoint 2 re-assigned from D:5 to D:3. 4 gnolls come into view.
Found a fizzy puce potion.
Found a stone staircase leading up.
The gnoll shouts! x2
158 ||| Stepping ~*~*~tactically~*~*~ (hiding).
There is a stone staircase leading down here.
159 ||| Stepping ~*~*~tactically~*~*~ (hiding).
You start waiting.
A gnoll is nearby!
The gnoll hits you but does no damage.
The gnoll shouts! x2
You hit the gnoll.
The gnoll is heavily wounded.
The gnoll hits you from afar with a +0 spear.
The gnoll barely misses you.
You hit the gnoll.
The gnoll is almost dead.
The gnoll barely misses you. The gnoll closely misses you.
You hit the gnoll.
You kill the gnoll!
The gnoll closely misses you.
You have reached level 2!
The gnoll hits you with a +0 spear.
You hit the gnoll.
The gnoll is lightly wounded.
You hit the gnoll but do no damage. The gnoll closely misses you.
The gnoll hits you with a +0 spear. The gnoll completely misses you.
You hit the gnoll.
The gnoll is moderately wounded.
You barely miss the gnoll. The gnoll misses you. The gnoll barely misses you.
The gnoll hits you with a +0 spear. The gnoll hits you but does no damage.
The gnoll hits you with a +0 flail. The gnoll misses you.
You completely miss the gnoll.
The gnoll is moderately wounded.
You hit the gnoll but do no damage. The gnoll completely misses you.
The gnoll hits you with a +0 spear.
You die...

#. ##.####
#.....#
#.....#
#.....#
#.....#######
# #>........
#.#.####.##.
#..@g.....#
###g.g.....
......!..
.####[.<.. #.
##### #


You could see 3 gnolls.

Vanquished Creatures
  A gnoll (D:3)
  A quokka (D:4)
  A kobold (D:4)
3 creatures vanquished.

Notes
Turn   | Place    | Note
-------+----------+-------------------------------------------
     0 | D:5      | qw the Gargoyle Delver began the quest for the Orb.
     0 | D:5      | Reached XP level 1. HP: 14/14 MP: 1/1
     0 | D:5      | 0 ||| qw: Version: 0.1-a-116-g5d60599
     0 | D:5      | 0 ||| qw: Game counter: 9485
     0 | D:5      | 0 ||| qw: Always use a shield: true
     0 | D:5      | 0 ||| qw: God list: Okawaru
     0 | D:5      | 0 ||| qw: Allow faded altars: false
     0 | D:5      | 0 ||| qw: Do Orc after D:15 true
     0 | D:5      | 0 ||| qw: Do second Lair branch before Depths: true
     0 | D:5      | 0 ||| qw: Lair rune preference: random
     0 | D:5      | 0 ||| qw: Plans: Normal
     0 | D:5      | 0 ||| PLANNING D:1-11
     0 | D:5      | 0 ||| DROPPING scroll of fog.
     1 | D:5      | 1 ||| DROPPING scroll of magic mapping.
     2 | D:5      | 2 ||| DROPPING scroll of fear.
    32 | D:4      | 32 ||| Stepping ~*~*~tactically~*~*~ (stealth).
   158 | D:3      | 158 ||| Stepping ~*~*~tactically~*~*~ (hiding).
   159 | D:3      | 159 ||| Stepping ~*~*~tactically~*~*~ (hiding).
   166 | D:3      | Reached XP level 2. HP: 11/19 MP: 2/2
   168 | D:3      | HP: 4/19 [gnoll/+0 spear (2)]
   168 | D:3      | HP: 1/19 [gnoll/+0 flail (3)]
   169 | D:3      | Slain by a gnoll

Levels and vault maps discovered:
D:3:      cheibrodos_old_hovel, layout_basic, amcnicky_altar_lugonu_corruption
D:4:      layout_gridville, nicolae_elyvilon_peaceful_grove,
          palyth_stone_intersect, minmay_goblin_outpost, uniq_edmund
D:5:      layout_basic, chequers_hall_statues_y, grunt_ministairs_7

Skill      XL: |  1 |
---------------+----+-----
Axes           | 2 |  2.6
Fighting       | |  3.2
Dodging        | |  1.5
Stealth        | |  5.4

Action                   || total
-------------------------++-------
Melee: Hand axe          ||    14
Armor: Leather armour    ||     4
Dodge: Dodged            ||    13

Table legend:
 A = Non-vault XP
 B = Vault XP
 C = Vault XP percentage of total XP
 D = Non-vault monster count
 E = Vault monster count
 F = Vault count percentage of total count
                 A         B        C        D         E       F
            +---------+---------+-------+---------+---------+-------
      Total |      17 |       0 |   0.0 |       3 |       0 |   0.0
            +---------+---------+-------+---------+---------+-------
        D:3 |      14 |       0 |   0.0 |       1 |       0 |   0.0
        D:4 |       3 |       0 |   0.0 |       2 |       0 |   0.0
            +---------+---------+-------+---------+---------+-------
